 Dungeon Crawl Stone Soup version 0.30-a0-359-gd0147acb1a (webtiles) character file.

Game seed: 16560049542515502670

4248 HoaS the Markstengu (level 10, -1/53 HPs)
             Began as a Tengu Hunter on Nov 12, 2022.
             Was a Priest of Okawaru.
             Slain by a killer bee (8 damage)
             ... on level 8 of the Dungeon.
             The game lasted 00:13:03 (6271 turns).

HoaS the Markstengu (Tengu Hunter)                  Turns: 6271, Time: 00:13:04

Health: -1/53      AC:  7    Str: 12    XL:     10   Next: 31%
Magic:  11/13      EV: 20    Int:  9    God:    Okawaru [***...]
Gold:   369        SH:  5    Dex: 22    Spells: 9/9 levels left

rFire   . . .      SeeInvis .    a - +2 shortbow (drain)
rCold   + . .      Faith    .    (shield currently unavailable)
rNeg    + . .      Spirit   .    c - +1 leather armour
rPois   .          Reflect  +    (helmet restricted)
rElec   .          Harm     .    u - +2 cloak
rCorr   .          Rampage  .    (no gloves)
Will    .....                    (boots unavailable)
Stlth   +++.......               i - amulet of reflection
HPRegen 0.28/turn                h - ring of positive energy
MPRegen 0.13/turn                k - ring of protection from cold

@: heroic, flying quickly and evasively, quick
A: beak, talons 3, nimble flight
a: Renounce Religion, Heroism


You were on level 8 of the Dungeon.
You worshipped Okawaru.
Okawaru was most pleased with you.
You visited 2 branches of the dungeon, and saw 9 of its levels.
You also visited: Sewer.

You collected 369 gold pieces.

Inventory:

Hand Weapons
 a - a +2 shortbow of draining (weapon)
Armour
 c - a +1 leather armour (worn)
 u - a +2 cloak (worn)
Jewellery
 h - a ring of positive energy (left hand)
 i - an amulet of reflection (around neck)
 k - a ring of protection from cold (right hand)
 t - a ring of positive energy
Wands
 g - a wand of light (10)
 v - a wand of mindburst (7)
 x - a wand of flame (27)
Scrolls
 b - a scroll of immolation
 d - a scroll of teleportation
 l - a scroll of identify
 m - 3 scrolls of fog
 n - 3 scrolls of blinking
 o - 2 scrolls of silence
 w - a scroll of noise {unknown}
Potions
 e - a potion of resistance
 f - 4 potions of mutation
 j - a potion of invisibility
 p - 3 potions of curing
 q - 2 potions of haste
 r - a potion of lignification
 s - a potion of flight {unknown}


   Skills:
 - Level 2.0(7.0) Fighting
 * Level 15.8(20.8) Ranged Weapons
 - Level 2.1(7.1) Dodging
 - Level 1.0(6.0) Stealth
 - Level 3.0 Invocations


You had 9 spell levels left.
You didn't know any spells.
Your spell library contained the following spells:

 Spells                   Type           Power      Damage    Failure   Level
 Shock                    Conj/Air       0%         1d3       45%         1
 Ensorcelled Hibernation  Hex/Ice        0%         N/A       61%         2
 Hailstorm                Conj/Ice       0%         3d3       83%         3
 Swiftness                Air            0%         N/A       83%         3
 Airstrike                Air            0%         2d(0-16)  99%         4
 Anguish                  Hex/Necr       0%         N/A       99%         4
 Enfeeble                 Hex            0%         N/A       100%        7
 Summon Ice Beast         Ice/Summ       Unusable   N/A       N/A         4

Dungeon Overview and Level Annotations

Branches:
Dungeon (8/15)             Temple (1/1) D:5           Sewer (visited)
   Lair: D:8-11

Altars:
Cheibriados
Dithmenos
Gozag
Hepliaklqana
Makhleb
Okawaru
Qazlal
Ru
Sif Muna
Uskayaw
Vehumet
Wu Jian
Yredelemnul
Zin
The Shining One


Innate Abilities, Weirdness & Mutations

You have a beak for a mouth.
You have claws for feet.
Your magical nature lets you fly swiftly and evasively.


Message History

The steam dragon is moderately wounded.
You are engulfed in a cloud of scalding steam.
You hear an angry buzzing noise.
The centaur is engulfed in a cloud of scalding steam.
The centaur dies!
The steam dragon bites you. You block the steam dragon's attack.
You shoot an arrow. The arrow hits the steam dragon!
You drain the steam dragon.
The steam dragon is severely wounded.
You are engulfed in a cloud of scalding steam.
The steam dragon closely misses you. The steam dragon misses you.
You shoot an arrow. The arrow hits the steam dragon!
You kill the steam dragon!
Okawaru accepts your kill.
Okawaru will now gift you throwing weapons as you gain piety.
You are engulfed in a cloud of scalding steam.
A killer bee comes into view.
The killer bee stings you.
* * * LOW HITPOINT WARNING * * *
You are poisoned.
The killer bee poisons you! The killer bee closely misses you.
You shoot an arrow.
The arrow closely misses the killer bee.
You feel sick. The killer bee stings you.
* * * LOW HITPOINT WARNING * * *
You feel better. The killer bee stings you.
* * * LOW HITPOINT WARNING * * *
You block the killer bee's attack.
You gain the combat prowess of a mighty hero.
You block the killer bee's attack. The killer bee misses you.
You shoot an arrow. The arrow misses the killer bee.
The killer bee barely misses you. The killer bee misses you.
You shoot an arrow. The arrow misses the killer bee.
The killer bee completely misses you.
You shoot an arrow.
The arrow closely misses the killer bee.
The killer bee stings you.
* * * LOW HITPOINT WARNING * * *
The killer bee stings you!
You die...

... #......## #..
#.#####.. .# ##..
.## # ##.
..##...# ..## #.
#.......# #D.. #.
...#....# ..c #.
....#....## ..
##.
...........##§#
#..
#..........@#§#
#.
###...........y.#
##
#...........###.#
## .............#
.# #.
#..........## ..
#. #..........#
).. #.
#.........# #...
#. #........##
..#### #.
##.......##
.##..### ###


You could see a killer bee.

Vanquished Creatures
  A two-headed ogre (D:8)
  A hornet (D:6)
  Prince Ribbit (D:6)
  A steam dragon (D:8)
  Duvessa (D:6)
  An ice beast (D:5)
  A water moccasin (D:6)
  A black bear (D:4)
  A sky beast (D:6)
  3 ogres
  2 phantoms (D:6)
  7 kobold brigands (Sewer)
  3 bullfrogs
  A necrophage (D:4)
  3 gnoll sergeants
  A scorpion (D:6)
  7 wights
  Dowan (D:6)
  A howler monkey (D:4)
  5 hounds
  A jelly (D:6)
  4 orc priests
  3 iguanas (D:5)
  An orc wizard (D:3)
  7 gnolls
  13 adders
  3 river rats (Sewer)
  A shadow imp (D:7)
  3 white imps
  2 ufetubi
  6 worms
  5 dart slugs
  20 orcs
  9 endoplasms
  7 giant cockroaches
  16 goblins
  9 hobgoblins
  3 jackals (D:1)
  12 kobolds
  3 quokkas
  10 ball pythons
  3 bats (D:1)
  6 rats
190 creatures vanquished.

Vanquished Creatures (others)
  A centaur (D:8)
  12 plants (D:6)
13 creatures vanquished.

Grand Total: 203 creatures vanquished

Notes
Turn   | Place    | Note
-------+----------+-------------------------------------------
     0 | D:1      | HoaS the Tengu Hunter began the quest for the Orb.
     0 | D:1      | Reached XP level 1. HP: 12/12 MP: 2/2
    47 | D:1      | Reached XP level 2. HP: 15/17 MP: 3/3
    99 | D:1      | Reached skill level 5 in Ranged Weapons
   290 | D:1      | Reached XP level 3. HP: 20/21 MP: 4/4
   364 | D:1      | Found a faded altar of an unknown god.
   657 | D:1      | You fall into a shaft and drop 1 floor!
  1309 | D:2      | Reached skill level 6 in Ranged Weapons
  1500 | D:3      | Reached XP level 4. HP: 26/26 MP: 5/5
  1541 | D:3      | Found a glowing drain.
  1552 | Sewer    | Entered a sewer
  1586 | Sewer    | Noticed a kobold brigand
  1592 | Sewer    | Killed a kobold brigand
  1593 | Sewer    | Gained mutation: Your magical nature lets you fly swiftly
                  | and evasively. [Tengu growth]
  1593 | Sewer    | Reached XP level 5. HP: 30/30 MP: 6/6
  1595 | Sewer    | Reached skill level 7 in Ranged Weapons
  1756 | Sewer    | Noticed a kobold brigand
  1764 | Sewer    | Killed a kobold brigand
  1765 | Sewer    | Reached XP level 6. HP: 35/35 MP: 7/7
  1868 | Sewer    | Reached skill level 8 in Ranged Weapons
  1940 | Sewer    | Reached skill level 9 in Ranged Weapons
  1940 | Sewer    | Reached XP level 7. HP: 40/40 MP: 8/8
  2208 | D:3      | Got the Reference Book on Cold
  2290 | D:3      | Reached skill level 10 in Ranged Weapons
  2879 | D:4      | Found a radiant altar of Vehumet.
  2900 | D:4      | Reached XP level 8. HP: 37/44 MP: 9/9
  3028 | D:4      | Reached skill level 11 in Ranged Weapons
  3330 | D:5      | Entered Level 5 of the Dungeon
  3379 | D:5      | Found a staircase to the Ecumenical Temple.
  3387 | Temple   | Entered the Ecumenical Temple
  3387 | Temple   | Found a transporter.
  3387 | Temple   | Found a transporter.
  3389 | Temple   | Found a transporter.
  3389 | Temple   | Found a transporter.
  3419 | Temple   | Became a worshipper of Warmaster Okawaru
  3586 | D:5      | Found an ornate altar of the Wu Jian Council.
  3796 | D:5      | Reached skill level 1 in Invocations
  4126 | D:5      | Reached skill level 12 in Ranged Weapons
  4407 | D:6      | Found a basalt altar of Yredelemnul.
  4567 | D:6      | Reached XP level 9. HP: 48/48 MP: 12/12
  4658 | D:6      | Reached * piety under Okawaru
  4692 | D:6      | Noticed Dowan
  4695 | D:6      | Noticed Duvessa
  4720 | D:6      | Killed Duvessa
  4720 | D:6      | Killed Dowan
  4721 | D:6      | Reached skill level 13 in Ranged Weapons
  4914 | D:6      | Found a glowing silver altar of Zin.
  5138 | D:6      | Noticed Prince Ribbit
  5144 | D:6      | Killed Prince Ribbit
  5145 | D:6      | Reached skill level 14 in Ranged Weapons
  5237 | D:6      | Noticed a hornet
  5246 | D:6      | Killed a hornet
  5246 | D:6      | Reached ** piety under Okawaru
  5493 | D:7      | Reached XP level 10. HP: 48/53 MP: 13/13
  5645 | D:7      | Reached skill level 15 in Ranged Weapons
  6164 | D:8      | Noticed a two-headed ogre
  6175 | D:8      | Killed a two-headed ogre
  6264 | D:8      | Reached *** piety under Okawaru
  6271 | D:8      | Slain by a killer bee

Illustrated notes

Levels and vault maps discovered:
D:1:      dpeg_arrival_lava_temple_mockup, layout_basic,
          ebering_ecumenical_altar_box, nicolae_wormholes
D:2:      layout_loops_cross, skrybe_limestone_x
D:3:      layout_loops_ring, gup_sewer_entry_pipe
D:4:      layout_rooms, nicolae_vehumet_radiance
D:5:      layout_loops_ring, nzn_wu_jian_contemplation,
          minmay_temple_entry_wispy, minmay_ogre_servants
D:6:      layout_gridville, mainiacjoe_overflow_concentric_impassable,
          mainiacjoe_overflow_boulevard, nicolae_grassy_gnolls, uniq_duvessa,
          uniq_prince_ribbit1
D:7:      layout_loops_ring
D:8:      minmay_octagon_keep, layout_cave_pools,
          mainiacjoe_overflow_cross_hatched
Temple:   hellmonk_temple_divided_pantheon

Skill      XL: |  1  2  3  4  5  6  7  8  9 10 |
---------------+-------------------------------+-----
Ranged Weapons | 5 6 7 9 10 12 14 15 | 15.8
Invocations    | 2 3 |  3.0
Fighting       | |  2.0
Dodging        | |  2.1
Stealth        | |  1.0

Action                   |  1- 3 |  4- 6 |  7- 9 | 10-12 || total
-------------------------+-------+-------+-------+-------++-------
Melee: Shortbow          |       |       |     1 |       ||     1
       Kick              |       |       |     1 |       ||     1
 Fire: Shortbow          |    92 |    83 |   431 |    53 ||   659
Invok: Heroism           |       |       |     2 |     2 ||     4
  Use: Scroll            |     6 |     1 |     9 |     3 ||    19
       Potion            |       |       |     3 |     1 ||     4
Armor: Leather armour    |    13 |     2 |    26 |     3 ||    44
Dodge: Dodged            |    37 |     3 |    78 |    16 ||   134
Block: Other             |       |     3 |    29 |     6 ||    38
       Reflection        |       |       |     1 |       ||     1

Table legend: (Time is in decaauts)
 A = Elapsed time spent in this place.
 B = Non-inter-level travel time spent in this place.
 C = Inter-level travel time spent in this place.
 D = Time resting spent in this place.
 E = Time spent auto-exploring this place.
 F = Levels seen in this place.
 G = Mean time per level.
                   A        B        C        D        E       F      G
               +--------+--------+--------+--------+--------+-----+--------+
         Total |   5883 |   5635 |    248 |    522 |   4018 |  10 |  588.3 |
       Dungeon |   5296 |   5063 |    233 |    495 |   3661 |   8 |  662.0 |
        Temple |     46 |     32 |     14 |      0 |      5 |   1 |   46.0 |
         Sewer |    540 |    540 |      0 |     27 |    352 |   1 |  540.0 |
               +--------+--------+--------+--------+--------+-----+--------+

Top non-repeatable levels by time:
     D:1: 978 daAuts
     D:5: 918 daAuts
     D:6: 790 daAuts
     D:3: 749 daAuts
     D:7: 672 daAuts
     D:2: 543 daAuts
   Sewer: 540 daAuts
     D:4: 426 daAuts
     D:8: 218 daAuts
  Temple: 46 daAuts
